 Dungeon Crawl Stone Soup version 0.25-a0-545-ge4db218afc (webtiles) character file.

Game seed: 646858735932998503, levelgen mode: deterministic

51 DunjonMajick the Scratcher (level 3, -6/17 HPs)
             Began as a Felid Chaos Knight on Feb 21, 2020.
             Was a Plaything of Xom.
             Mangled by Sigmund
             ... wielding a +0 scythe
              (7 damage)
             ... on level 2 of the Dungeon.
             The game lasted 00:04:18 (1424 turns).

DunjonMajick the Scratcher (Felid Chaos Knight)     Turns: 1424, Time: 00:04:18

Health: -6/17      AC:  1    Str: 14    XL:     3   Next: 57%
Magic:  4/4        EV: 18    Int: 13    God:    Xom [.....*]
Gold:   57         SH:  4    Dex: 15    Spells: 2/2 levels left
                                        Lives:  0   Deaths: 0

rFire    . . .     SeeInvis +     - Unarmed
rCold    . . .     Gourm    .   (shield unavailable)
rNeg     . . .     Faith    .   (armour unavailable)
rPois    .         Spirit   .   (helmet unavailable)
rElec    .         Reflect  .   (cloak unavailable)
rCorr    .         Harm     .   (gloves unavailable)
MR       .....                  (boots unavailable)
Stlth    ++........             (no amulet)
HPRegen  0.05/turn              (no ring)
MPRegen  0.09/turn              (no ring)

@: mighty, quick
A: very small, no armour, no weapons or thrown items, stealth, claws 1, fangs 3,
horns 1, large bone plates 1, see invisible, carnivore, speed 1, sense
surroundings 2, shaggy fur 1, slow metabolism 1, sharp paws
a: Renounce Religion


You were on level 2 of the Dungeon.
You worshipped Xom.
You were Xom's teddy bear.
You were full.

You visited 1 branch of the dungeon, and saw 2 of its levels.

You collected 57 gold pieces.

Inventory:

Jewellery
 d - an uncursed amulet of rage {unknown}
 f - a +4 ring of evasion {unknown}
Scrolls
 b - a scroll of immolation {unknown}
 e - 2 scrolls of remove curse {unknown}
 g - a scroll of random uselessness {unknown}
 i - a scroll of enchant weapon {unknown}
Potions
 c - a potion of ambrosia
Comestibles
 a - 4 rations


   Skills:
 - Level 3.0 Fighting
 - Level 3.2 Dodging
 + Level 1.9 Stealth
 - Level 4.3 Unarmed Combat


You had 2 spell levels left.
You didn't know any spells.
Your spell library was empty.

Dungeon Overview and Level Annotations

Branches:
Dungeon (2/15)

Altars:
Xom

Annotations:
D:2 Sigmund


Innate Abilities, Weirdness & Mutations

You cannot wear armour.
You are incapable of wielding weapons or throwing items.
Your paws allow you to move quietly. (Stealth)
You have sharp claws.
You have razor-sharp teeth.
You have supernaturally acute eyesight. (SInv)
You are carnivorous and can eat meat at any time.
You cover ground quickly.
You are covered in fur. (AC +1)
You have a slow metabolism.
Your sharp claws are effective at attacking unaware monsters.
You have a pair of small horns on your head.
You are partially covered in large bone plates. (SH +4)
You passively map the area around you.


Message History

You see here a kobold corpse.
The jackal closely misses you.
You open the door.
Sigmund the Dreaded comes into view.
He is wielding a +0 scythe.
Sigmund shouts!
The jackal misses you. Sigmund misses you.
A quokka comes into view.
There is an open door here.
It was a potion of might.
You feel very mighty all of a sudden.
Xom thinks this is hilarious!
The jackal bites you. The jackal completely misses you.
Sigmund casts a spell at you. The puff of flame hits you!
Ouch! That really hurt!
* * * LOW HITPOINT WARNING * * *
Unknown command.
Sigmund hits you from afar with a +0 scythe!
You die...
Xom roars with laughter!

*
.......#..#.###**
, , * ,
.......#..#... *
, ,.....r.##.#.#*
* , * ,
#.....##...#
#....##...# ,* ,
* , #...##...# ,
* , #..@##hh.# *
+## , *,
#..#...hh.#.##
.... , * ,,,
#.....@####..#
....., , ,,
##.....#
#hw#...... ,
#....##
#..)...... ,
##..#*
*#h).......,, *
*** ##., ,,
#..>...... * ** ,
, .# *
#.##......, ,
..*,, #.# ......
, ... ,*
#.#*##....,, , ,,
, #.., ,.###


You could see Sigmund, a quokka and 4 jackals.

Vanquished Creatures
  2 oozes (D:1)
  2 worms (D:2)
  A dart slug (D:1)
  A leopard gecko (D:2)
  A ball python (D:1)
  10 goblins
  5 hobgoblins
  A bat (D:1)
  3 kobolds
  5 rats
31 creatures vanquished.

Notes
Turn   | Place    | Note
-------+----------+-------------------------------------------
     0 | D:1      | DunjonMajick the Felid Chaos Knight began the quest for the
                  | Orb.
     0 | D:1      | Reached XP level 1. HP: 10/10 MP: 2/2
   208 | D:1      | Reached XP level 2. HP: 7/14 MP: 3/3
   228 | D:1      | XOM: silly message
   254 | D:1      | XOM: cast spell 'Olgreb's Toxic Radiance'
   270 | D:1      | Reached skill level 4 in Unarmed Combat
   523 | D:1      | XOM: mild Erth miscast
   655 | D:1      | Reached XP level 3. HP: 17/17 MP: 4/4
  1055 | D:1      | XOM: scenery: 1 doors close
  1125 | D:2      | XOM: smoke on damage
  1327 | D:1      | XOM: give mutations
  1327 | D:1      | Gained mutation: You have a pair of small horns on your
                  | head. [Xom's grace]
  1327 | D:1      | Gained mutation: You are partially covered in large bone
                  | plates. (SH +4) [Xom's grace]
  1327 | D:1      | Gained mutation: You passively map a small area around you.
                  | [Xom's grace]
  1327 | D:1      | Gained mutation: You passively map the area around you.
                  | [Xom's grace]
  1342 | D:2      | Reached skill level 1 in Stealth
  1370 | D:2      | XOM: scenery: create altars
  1421 | D:2      | Noticed Sigmund
  1424 | D:2      | Mangled by Sigmund

Levels and vault maps discovered:
D:1:      matt_arrival_debris, layout_basic
D:2:      layout_basic, makhleb_blood_cavern_becter, uniq_sigmund

Skill      XL: |  1  2  3 |
---------------+----------+-----
Unarmed Combat | 4 |  4.3
Stealth        | 1 |  1.9
Fighting       | |  3.0
Dodging        | |  3.2

Action                   || total
-------------------------++-------
Melee: Unarmed           ||    69
       Bite              ||     8
       Punch             ||     1
       Headbutt          ||     2
  Use: Potion            ||     2
 Stab: Sleeping          ||     4
  Eat: Chunk             ||     5
Armor: Skin              ||     6
Dodge: Dodged            ||    69
Block: Other             ||     1

Table legend:
 A = Non-vault XP
 B = Vault XP
 C = Vault XP percentage of total XP
 D = Non-vault monster count
 E = Vault monster count
 F = Vault count percentage of total count
                 A         B        C        D         E       F
            +---------+---------+-------+---------+---------+-------
      Total |      73 |       0 |   0.0 |      31 |       0 |   0.0
            +---------+---------+-------+---------+---------+-------
        D:1 |      51 |       0 |   0.0 |      23 |       0 |   0.0
        D:2 |      22 |       0 |   0.0 |       8 |       0 |   0.0
            +---------+---------+-------+---------+---------+-------
